 Dungeon Crawl Stone Soup version 0.23-a0-481-g60b89c1 (webtiles) character file.

7049 RoseArtemis the Grappler (level 10, -8/102 HPs)
             Began as a Troll Monk on Nov 29, 2018.
             Mangled by Rupert
             ... wielding a +0 great sword of flaming
              (17 damage)
             ... on level 5 of the Lair of Beasts.
             The game lasted 00:21:40 (8045 turns).

RoseArtemis the Grappler (Troll Monk)               Turns: 8045, Time: 00:21:42

Health: -8/102     AC:  6    Str: 24    XL:     10   Next: 83%
Magic:  9/9        EV: 13    Int:  6    God:
Gold:   627        SH:  0    Dex: 12    Spells: 9/9 levels left

rFire    + . .     SeeInvis .     - Unarmed
rCold    + . .     Gourm    +   (no shield)
rNeg     . . .     Faith    .   a - +0 robe
rPois    +         Spirit   .   (helmet restricted)
rElec    +         Reflect  .   y - +0 cloak
rCorr    +         Harm     .   (gloves unavailable)
MR       +....                  (boots unavailable)
Stlth    ++........             (no amulet)
HPRegen  0.67/turn              d - ring of protection from magic
MPRegen  0.11/turn              (no ring)

@: resistant, very slightly contaminated
A: large, unfitting armour, claws 3, fast metabolism 3, gourmand, regeneration
1, shaggy fur 1, tough skin 2
a: no special abilities


You were on level 5 of the Lair of Beasts.
You were completely stuffed.

You visited 3 branches of the dungeon, and saw 15 of its levels.
You also visited: Ossuary.

You collected 627 gold pieces.

Inventory:

Armour
 a - a +0 robe (worn)
 y - a +0 cloak (worn)
Jewellery
 d - a ring of protection from magic (left claw)
 s - an uncursed ring of fire
Wands
 c - a wand of paralysis (11)
 i - a wand of iceblast (16)
 n - a wand of enslavement (5)
 q - a wand of disintegration (11)
 r - a wand of flame (19)
Scrolls
 e - 4 scrolls of magic mapping
 f - 3 scrolls of teleportation
 j - 4 scrolls of remove curse
 o - a scroll of amnesia {unknown}
 p - 2 scrolls of identify
Potions
 g - a potion of ambrosia
 h - 2 potions of brilliance
 l - a potion of degeneration {unknown}
 m - a potion of mutation {unknown}
 v - a potion of heal wounds {unknown}
 w - a potion of resistance
Comestibles
 b - 19 rations
 t - 10 chunks of flesh


   Skills:
 + Level 7.4 Fighting
 + Level 7.4 Dodging
 - Level 1.0 Stealth
 * Level 12.0 Unarmed Combat


You had 9 spell levels left.
You didn't know any spells.
Your spell library contained the following spells:

 Spells                   Type           Power        Failure   Level  Hunger
 Confusing Touch          Hex            #.....       45%         1    ##.....
 Freeze                   Ice            #...         45%         1    ##.....
 Throw Frost              Conj/Ice       #.....       58%         2    ###....
 Confuse                  Hex            #.......     83%         3    ####...
 Gell's Gravitas          Tloc           #.........   83%         3    ####...
 Ozocubu's Armour         Chrm/Ice       #.......     83%         3    ####...
 Petrify                  Tmut/Erth      #.......     99%         4    #####..
 Summon Ice Beast         Ice/Summ       #.......     99%         4    #####..
 Throw Icicle             Conj/Ice       #.......     99%         4    #####..
 Metabolic Englaciation   Hex/Ice        #.........   100%        5    ######.
 Yara's Violent Unravell  Hex/Tmut       #.........   100%        5    ######.


Dungeon Overview and Level Annotations

Branches:
Dungeon (9/15)             Temple (1/1) D:7            Lair (5/6) D:8
 Shoals (0/4) Lair:3
  Snake: Lair:2-4    Spider: Lair:2-4     Slime: Lair:5-6       Orc: D:9-12

Altars:
Ashenzari
Cheibriados
Dithmenos
Elyvilon
Fedhas
Gozag
Hepliaklqana
Kikubaaqudgha
Makhleb
Nemelex Xobeh
Okawaru
Qazlal
Ru
Sif Muna
Trog
Uskayaw
Vehumet
Wu Jian
Xom
Yredelemnul
Zin
The Shining One

Annotations:
D:3 3 runed doors, phyphor's ghost, amateur SpEn
Lair:5 Rupert


Innate Abilities, Weirdness & Mutations

You are too large for most types of armour.
You have claws for hands.
Your metabolism is lightning-fast.
You like to eat raw meat.
Your natural rate of healing is unusually fast.
You are covered in fur. (AC +1)
You have very tough skin. (AC +2)


Message History

Rupert hits you with a +0 great sword of flaming!
Rupert burns you.
A water moccasin comes into view.
The water moccasin hisses angrily.
You eviscerate Rupert!!!
Rupert hits you with a +0 great sword of flaming!!
* * * LOW HITPOINT WARNING * * *
Rupert burns you.
* * * LOW HITPOINT WARNING * * *
Rupert hits you with a +0 great sword of flaming!
* * * LOW HITPOINT WARNING * * *
Rupert burns you.
* * * LOW HITPOINT WARNING * * *
You scratch the fungus.
Rupert hits you with a +0 great sword of flaming!!
* * * LOW HITPOINT WARNING * * *
Rupert burns you.
* * * LOW HITPOINT WARNING * * *
Rupert hits you with a +0 great sword of flaming!
You die...

....$.... .)
......... ##..
........### ....
..........# ..#
......D<# ...#
........# ###..#
........###....##..
.........#..P......
.......@P#.....#P..
........@t.S.......
$P.................
.PP#..#.#...#...#.#
## #############.##
##


You could see Rupert (berserk), a six-headed hydra, a water moccasin and a
crocodile.

Vanquished Creatures
  Harold (D:8)
  Pikel (D:7)
  Maurice (D:8)
  A komodo dragon (Lair:3)
  2 hippogriffs
  Sigmund (D:4)
  A basilisk (Lair:3)
  4 yaks (Lair:4)
  Menkaure (D:4)
  4 water moccasins
  3 porcupines
  A sky beast (D:6)
  2 orc warriors (D:8)
  An ice beast (D:6)
  3 phantoms
  4 wolves (Lair:3)
  4 centaurs
  5 crocodiles
  Blork the orc (D:4)
  4 bullfrogs
  An elf skeleton (D:5)
  4 howler monkeys
  A crimson imp (D:6)
  A bullfrog zombie (D:7)
  2 jellies
  2 centaur skeletons
  2 hounds (D:5)
  3 orc priests
  9 orc wizards
  Jessica (D:3)
  2 human skeletons (D:5)
  An iguana (D:4)
  2 worker ants
  2 hound skeletons
  3 mummies (Ossuary)
  2 worker ant zombies
  3 gnolls
  5 adders
  2 adder zombies
  4 worms
  5 leopard geckos
  26 orcs
  7 giant cockroaches
  10 hobgoblins
  14 jackals
  A quokka (D:4)
  9 bats
  5 frilled lizards
  3 goblins (D:1)
  3 goblin zombies (Ossuary)
  4 hobgoblin zombies (Ossuary)
  7 kobolds
  5 kobold zombies (Ossuary)
  3 orc skeletons (D:5)
  An orc zombie (Ossuary)
  A quokka skeleton (D:5)
  2 quokka zombies (Ossuary)
  9 rats
  2 rat zombies (Ossuary)
214 creatures vanquished.

Vanquished Creatures (others)
  An orc wizard (D:6)
  2 plants (D:8)
3 creatures vanquished.

Grand Total: 217 creatures vanquished

Notes
Turn   | Place    | Note
-------+----------+-------------------------------------------
     0 | D:1      | RoseArtemis the Troll Monk began the quest for the Orb.
     0 | D:1      | Reached XP level 1. HP: 22/22 MP: 0/0
   159 | D:1      | Reached XP level 2. HP: 23/29 MP: 1/1
   646 | D:2      | Reached XP level 3. HP: 36/36 MP: 2/2
   851 | D:2      | Reached skill level 4 in Unarmed Combat
   851 | D:2      | Reached XP level 4. HP: 44/44 MP: 3/3
  1165 | D:3      | Found a runed gate.
  1165 | D:3      | Found a runed gate.
  1167 | D:3      | Found a runed gate.
  1167 | D:3      | Noticed phyphor's ghost (amateur SpEn)
  1200 | D:3      | Noticed a bullfrog
  1211 | D:3      | Killed a bullfrog
  1211 | D:3      | Reached XP level 5. HP: 15/53 MP: 4/4
  1446 | D:3      | Reached skill level 5 in Unarmed Combat
  1469 | D:3      | Found an iron altar of Okawaru.
  1591 | D:3      | Noticed Jessica
  1601 | D:3      | Killed Jessica
  1923 | D:3      | Found an iron altar of Okawaru.
  1941 | D:3      | Found a runed gate.
  1945 | D:3      | Found a runed gate.
  1945 | D:3      | Found a runed gate.
  2351 | D:4      | Noticed a phantom
  2384 | D:4      | Killed a phantom
  2384 | D:4      | Reached XP level 6. HP: 56/61 MP: 5/5
  2399 | D:4      | Noticed a hippogriff
  2423 | D:3      | Killed a hippogriff
  2423 | D:3      | Reached skill level 6 in Unarmed Combat
  2423 | D:3      | Reached XP level 7. HP: 48/68 MP: 6/6
  2493 | D:4      | Noticed Menkaure
  2507 | D:4      | Killed Menkaure
  2536 | D:4      | Noticed Blork the orc
  2543 | D:4      | Killed Blork the orc
  2600 | D:4      | Found a snail-covered altar of Cheibriados.
  2929 | D:4      | Noticed Sigmund
  2941 | D:4      | Killed Sigmund
  2941 | D:4      | Reached skill level 7 in Unarmed Combat
  3213 | D:5      | Entered Level 5 of the Dungeon
  3229 | D:5      | Reached XP level 8. HP: 79/79 MP: 7/7
  3271 | D:5      | Found a sand-covered staircase.
  3282 | Ossuary  | Entered an ossuary
  3826 | D:5      | Reached skill level 8 in Unarmed Combat
  3909 | D:5      | Reached skill level 5 in Fighting
  3909 | D:5      | Reached skill level 5 in Dodging
  4577 | D:6      | Found a blossoming altar of Fedhas.
  4844 | D:7      | Reached skill level 9 in Unarmed Combat
  4844 | D:7      | Reached XP level 9. HP: 82/88 MP: 8/8
  4870 | D:7      | Noticed Pikel
  4870 | D:7      | Found a staircase to the Ecumenical Temple.
  4877 | D:7      | Killed Pikel
  4883 | Temple   | Entered the Ecumenical Temple
  5167 | D:7      | Found a glowing silver altar of Zin.
  5379 | D:8      | Got a pitted brass amulet
  5381 | D:8      | Identified the amulet "Pokishri" {Inacc +Fly rElec MP-9
                  | SInv} (You found it on level 8 of the Dungeon)
  5501 | D:8      | Reached skill level 10 in Unarmed Combat
  5619 | D:8      | Found a staircase to the Lair.
  5619 | D:8      | Noticed a komodo dragon
  5852 | D:8      | Noticed Harold
  5867 | D:8      | Killed Harold
  5867 | D:8      | Reached XP level 10. HP: 44/100 MP: 9/9
  6002 | D:8      | Noticed Maurice
  6121 | D:8      | Found a deep blue altar of Sif Muna.
  6270 | D:8      | Killed Maurice
  6401 | Lair:1   | Entered Level 1 of the Lair of Beasts
  6578 | D:8      | Reached skill level 11 in Unarmed Combat
  7467 | Lair:3   | Found a staircase to the Shoals.
  7916 | Lair:4   | Reached skill level 12 in Unarmed Combat
  7935 | Lair:4   | Noticed a spiny frog
  8025 | Lair:5   | Noticed a six-headed hydra
  8026 | Lair:5   | Noticed Rupert
  8045 | Lair:5   | Mangled by Rupert

Vault maps used:
D:1:      dpeg_arrival_erosion
D:3:      gammafunk_ghost_split, grunt_ministairs_13, okawaru_ov_weapons_minmay,
          uniq_jessica
D:4:      lemuel_crystal_altar, first_ration, uniq_sigmund, uniq_blork_the_orc,
          uniq_menkaure
D:5:      nicolae_ossuary_entry_catacombs
D:6:      fedhas_altar_3
D:7:      minmay_temple_entry_ruins, basic_altar, uniq_pikel
D:8:      david_lair_shrubbed, dk_vineyard_3, lemuel_blue_sif_altar,
          uniq_harold, uniq_maurice
D:9:      hangedman_little_slice_of_home, nicolae_ru_great_annihilating_truth
Temple:   kilobyte_greek_temple
Lair:1:   special_room
Lair:2:   gammafunk_lair_enchanted_lake, spider_nest_entry_web_field,
          portal_ice_cave_demonic_guard, infiniplex_staircase_pool_2
Lair:3:   elwin_shoals_entry_rocks, beast_lair_carwin_3, grunt_megastairs_5
Lair:4:   basic_altar
Lair:5:   slime_dummy, ebering_ghost_reflecting_pool, lemuel_fruit_fields,
          uniq_snorg, uniq_rupert
Ossuary:  ossuary_minmay_chase

Skill      XL: |  1  2  3  4  5  6  7  8  9 10 |
---------------+-------------------------------+-----
Unarmed Combat | 4 5 6 7 9 10 12 | 12.0
Dodging        | 3 4 5 6 7 |  7.4
Fighting       | 3 4 5 6 7 |  7.4
Stealth        | |  1.0

Action                   |  1- 3 |  4- 6 |  7- 9 | 10-12 || total
-------------------------+-------+-------+-------+-------++-------
Melee: Unarmed           |    94 |   112 |   328 |   153 ||   687
       Punch             |     1 |       |    12 |     3 ||    16
  Use: Scroll            |       |     3 |     7 |    11 ||    21
       Potion            |       |     1 |     1 |     4 ||     6
 Stab: Sleeping          |     3 |     1 |     5 |     1 ||    10
  Eat: Chunk             |    13 |    10 |    36 |    20 ||    79
Armor: Robe              |    28 |    41 |    57 |    27 ||   153
Dodge: Dodged            |    51 |    65 |   156 |    82 ||   354

Table legend:
 A = Non-vault XP
 B = Vault XP
 C = Vault XP percentage of total XP
 D = Non-vault monster count
 E = Vault monster count
 F = Vault count percentage of total count
                 A         B        C        D         E       F
            +---------+---------+-------+---------+---------+-------
      Total |    7152 |    2919 |  29.0 |     179 |      36 |  16.7
            +---------+---------+-------+---------+---------+-------
        D:1 |      36 |       0 |   0.0 |      25 |       0 |   0.0
        D:2 |     106 |       0 |   0.0 |      19 |       0 |   0.0
        D:3 |     444 |      40 |   8.3 |      27 |       3 |  10.0
        D:4 |     237 |     486 |  67.2 |      10 |       3 |  23.1
        D:5 |     490 |     163 |  25.0 |      15 |       6 |  28.6
        D:6 |     482 |       0 |   0.0 |      18 |       0 |   0.0
        D:7 |     669 |     651 |  49.3 |      16 |       1 |   5.9
        D:8 |    1496 |    1503 |  50.1 |      29 |       2 |   6.5
     Lair:1 |     391 |       0 |   0.0 |       3 |       0 |   0.0
     Lair:2 |     137 |       0 |   0.0 |       1 |       0 |   0.0
     Lair:3 |    1586 |       0 |   0.0 |      11 |       0 |   0.0
     Lair:4 |    1078 |       0 |   0.0 |       5 |       0 |   0.0
    Ossuary |       0 |      76 | 100.0 |       0 |      21 | 100.0
            +---------+---------+-------+---------+---------+-------
